 Dungeon Crawl Stone Soup version 0.26-a0-1033-gd598b01645 (webtiles) character file.

Game seed: 17706492841918920263

118872 pkoi the Executioner (level 16, -5/149 HPs)
             Began as a Minotaur Gladiator on Dec 11, 2020.
             Was the Champion of Okawaru.
             Killed from afar by a tengu reaver (34 damage)
             ... with a bolt of lightning
             ... on level 1 of the Depths.
             The game lasted 00:39:12 (27862 turns).

pkoi the Executioner (Minotaur Gladiator)          Turns: 27862, Time: 00:39:12

Health: -5/149     AC: 37    Str: 24    XL:     16   Next: 26%
Magic:  20/20      EV:  9    Int:  5    God:    Okawaru [******]
Gold:   1969       SH:  0    Dex: 11    Spells: 15/15 levels left

rFire    . . .     SeeInvis +   a - +1 executioner's axe (vorpal)
rCold    + . .     Faith    .   (shield currently unavailable)
rNeg     . . .     Spirit   .   Y - +2 crystal plate armour "Meby" {+Fly rPois Dex-3}
rPois    +         Reflect  .   R - +2 hat {SInv}
rElec    .         Harm     .   P - +2 cloak {Stlth+}
rCorr    .         Rampage  .   I - +2 pair of gloves {archery}
Will     +....                  W - +1 pair of boots {Stlth+}
Stlth    ..........             J - amulet of Vitality {Regen+ HP+15}
HPRegen  0.74/turn              w - ring of protection from cold
MPRegen  0.17/turn              O - +4 ring of protection

@: studying Transmutations
A: retaliatory headbutt, horns 2, see invisible, sturdy frame 1
a: Heroism, Finesse, Renounce Religion, Evoke Flight


You were on level 1 of the Depths.
You worshipped Okawaru.
Okawaru was exalted by your worship.
You visited 4 branches of the dungeon, and saw 24 of its levels.
You visited the Abyss 1 time.
You also visited: Sewer.

You collected 2345 gold pieces.
You spent 376 gold pieces at shops.

Inventory:

Hand Weapons
 a - a +1 vorpal executioner's axe (weapon)
 b - a +0 triple crossbow
 j - the +8 executioner's axe of Compulsion {antimagic, rElec rF- Str+10 Int+3}
   (Okawaru gifted it to you on level 1 of the Orcish Mines)

   It reduces the magical energy of the wielder, and disrupts the spells and
   magical abilities of those hit.
   Natural abilities and divine invocations are not affected.
   It affects your strength (+10).
   It affects your intelligence (+3).
   It makes you vulnerable to fire.
   It insulates you from electricity.
 N - a +0 battleaxe
Missiles
 d - 9 throwing nets (quivered)
 F - 297 bolts
Armour
 o - a +1 pair of boots of rampaging
 q - the +6 scale mail "Imnipn" {Dex+2}
   (You found it on level 10 of the Dungeon)

   It affects your dexterity (+2).
 I - a +2 pair of gloves of archery (worn)
 P - a +2 cloak of stealth (worn)
 R - a +2 hat of see invisible (worn)
 W - a +1 pair of boots of stealth (worn)
 Y - the +2 crystal plate armour "Meby" (worn) {+Fly rPois Dex-3}
   (Okawaru gifted it to you on level 1 of the Depths)

   It affects your dexterity (-3).
   It protects you from poison.
   It lets you fly.
Jewellery
 l - an uncursed ring of protection from cold
 r - an uncursed amulet of guardian spirit
 w - a ring of protection from cold (left hand)
 J - the amulet of Vitality (around neck) {Regen+ HP+15}
   (You acquired it on level 11 of the Dungeon)

   [amulet of regeneration]

   It affects your health (+15).
   It increases your rate of regeneration.
 O - a +4 ring of protection (right hand)
 U - an uncursed ring of protection from fire {unknown}
 V - an uncursed ring of willpower
Wands
 g - a wand of paralysis (25)
 s - a wand of enslavement (20)
 t - a wand of disintegration (4)
 y - a wand of digging (5)
 A - a wand of acid (9)
 B - a wand of flame (29)
 D - a wand of random effects (14)
 M - a wand of iceblast (25)
Scrolls
 e - 10 scrolls of teleportation
 i - 14 scrolls of remove curse
 k - 10 scrolls of identify
 z - 3 scrolls of fear
 C - 4 scrolls of amnesia
 E - 2 scrolls of fog
 L - 2 scrolls of enchant armour
 Q - 2 scrolls of blinking
 S - 2 scrolls of enchant weapon
 X - a scroll of vulnerability {unknown}
Potions
 c - 2 potions of berserk rage
 f - 2 potions of lignification
 h - 10 potions of curing
 m - 3 potions of brilliance
 n - 2 potions of haste
 p - 5 potions of mutation
 u - 2 potions of resistance
 v - a potion of heal wounds
 x - 3 potions of flight
 G - a potion of might
 H - 2 potions of ambrosia {unknown}
 K - 3 potions of invisibility
Books
 T - a manual of Transmutations


   Skills:
 + Level 10.0 Fighting
 + Level 24.4 Axes
 + Level 9.2 Crossbows
 - Level 2.0 Throwing
 + Level 9.7 Armour
 + Level 8.8 Dodging
 - Level 7.8 Invocations
 - Level 6.0 Evocations


You had 15 spell levels left.
You didn't know any spells.
Your spell library contained the following spells:

 Spells                   Type           Power        Failure   Level
 Animate Skeleton         Necr           #.....       100%        1
 Apportation              Tloc           #.....       100%        1
 Corona                   Hex            #......      100%        1
 Magic Dart               Conj           #...         100%        1
 Sting                    Tmut/Pois      #...         100%        1
 Summon Small Mammal      Summ           #...         100%        1
 Call Imp                 Summ           #.......     100%        2
 Ensorcelled Hibernation  Hex/Ice        #.....       100%        2
 Poisonous Vapours        Pois/Air       #.....       100%        2
 Searing Ray              Conj           #.....       100%        2
 Sublimation of Blood     Necr           #.........   100%        2
 Call Canine Familiar     Summ           #.......     100%        3
 Confusing Touch          Hex            #.......     100%        3
 Conjure Flame            Conj/Fire      #.......     100%        3
 Dazzling Flash           Conj/Hex       #.....       100%        3
 Ignite Poison            Fire/Tmut/Pois #.......     100%        3
 Mephitic Cloud           Conj/Pois/Air  #.......     100%        3
 Summon Guardian Golem    Hex/Summ       #.......     100%        3
 Tukima's Dance           Hex            #.......     100%        3
 Cause Fear               Hex            #.........   100%        4
 Fulminant Prism          Conj/Hex       #.........   100%        4
 Iskenderun's Mystic Bla  Conj/Tloc      #.......     100%        4
 Olgreb's Toxic Radiance  Pois           #.......     100%        4
 Summon Ice Beast         Ice/Summ       #.......     100%        4
 Summon Lightning Spire   Summ/Air       #.......     100%        4
 Borgnjor's Vile Clutch   Necr/Erth      #.........   100%        5
 Silence                  Hex/Air        #.........   100%        5
 Summon Demon             Summ           #.........   100%        5
 Summon Forest            Summ/Tloc      #.........   100%        5
 Summon Mana Viper        Hex/Summ       #.......     100%        5
 Yara's Violent Unravell  Hex/Tmut       #.........   100%        5
 Shadow Creatures         Summ           N/A          100%        6
 Spellforged Servitor     Conj/Summ      #.........   100%        7
 Summon Hydra             Summ           #.........   100%        7
 Discord                  Hex            #.........   100%        8


Dungeon Overview and Level Annotations

Branches:
Dungeon (15/15)            Temple (0/1) D:6            Lair (6/6) D:8
 Shoals (0/4) Lair:2       Spider (0/4) Lair:4        Slime (0/5) Lair:6
    Orc (2/2) D:11            Elf (0/3) Orc:2        Vaults (0/5) D:13
 Depths (1/5) D:15          Sewer (visited)

Altars:
Dithmenos
Fedhas
Gozag
Makhleb
Nemelex Xobeh
Okawaru
Ru
Trog
Uskayaw
Vehumet
Wu Jian
The Shining One
Beogh

Shops:
D:6 ([:   D:7 [   D:12 [   Orc:2 [(([   Depths:1 *

Annotations:
D:8 1 runed translucent door
D:10 3 runed translucent doors, Frask's ghost, journeyman MiFi
D:13 4 runed translucent doors


Innate Abilities, Weirdness & Mutations

You reflexively headbutt those who attack you in melee.
You have a pair of horns on your head.
You have supernaturally acute eyesight. (SInv)
Your movements are slightly less encumbered by armour. (ER -2)


Message History

You are electrocuted!
* * * LOW HITPOINT WARNING * * *
The tengu reaver barely misses you.
The tengu reaver claws you but does no damage.
Unknown command.
You barely miss the tengu reaver. Your headbutt misses the tengu reaver.
The tengu reaver is severely wounded.
The tengu reaver hits you with a +1 great sword of electrocution.
* * * LOW HITPOINT WARNING * * *
The tengu reaver pecks you.
* * * LOW HITPOINT WARNING * * *
The tengu reaver claws you but does no damage.
You slice the tengu reaver!! Your headbutt misses the tengu reaver.
The tengu reaver is almost dead.
Unknown command.
You closely miss the tengu reaver.
The tengu reaver is almost dead.
The tengu reaver gestures at you while chanting.
The bolt of lightning hits you!!
You die...

#.## #...........#
#..####.........))#
##.......#####..[)#
##.........#....[)#
#......#..........#
##......#...#.....*#
....#.#.##.#...)..<#
........#....(.....#
....#...#......Q@..# .
...................# #.
..#####...)###.....# #.
....#......###.....#############.
#....................N..D........
#...#....................Q*...J..
##.#...........................J.
#........................J.J.....
#..).............................


You could see a tengu reaver and a battlesphere.

Vanquished Creatures
  A tentacled starspawn (Abyss:2)
  Gastronok (D:12)
  A fire giant (Depths:1)
  2 orc warlords
  A vampire knight (Depths:1)
  5 very ugly things (Depths:1)
  A dire elephant (D:15)
  An ettin (Depths:1)
  A fire dragon (Depths:1)
  Josephine (D:11)
  Fannar (D:11)
  8 vault guards
  A yaktaur captain (Depths:1)
  Harold (D:10)
  10 hydras
  3 catoblepae
  2 boulder beetles
  An ice dragon (Depths:1)
  2 centaur warriors
  2 tengu warriors
  4 death yaks (Lair:6)
  2 orc high priests (Orc:2)
  A salamander mystic (Depths:1)
  2 unseen horrors
  3 large abominations (Abyss:2)
  An orb spider (Lair:4)
  20 ugly things
  2 orc knights
  A worldbinder (Abyss:2)
  4 deep elf magi
  2 orc sorcerers (Orc:2)
  2 cyclopes
  3 salamanders (Depths:1)
  A moth of wrath (shapeshifter) (D:15)
  14 elephants
  An apocalypse crab (Abyss:2)
  A torpor snail (Lair:6)
  A toenail golem (Abyss:2)
  A naga mage (D:15)
  2 black mambas (Lair:2)
  A smoke demon (Abyss:2)
  A gargoyle (D:13)
  29 cane toads
  An efreet (D:13)
  3 yaktaurs (Depths:1)
  Maggie (Lair:1)
  An ancient zyme (Abyss:2)
  3 kobold demonologists
  2 rime drakes (Lair:6)
  2 hellwings (D:9)
  A redback zombie (D:9)
  9 komodo dragons
  3 polar bears
  3 trolls
  Grinder (D:4)
  5 tyrant leeches
  A harpy skeleton (D:15)
  12 slime creatures
  2 hornets
  17 blink frogs
  A raiju (Abyss:2)
  A meliai zombie (D:9)
  4 wraiths
  2 shadows
  A ynoxinul (Abyss:2)
  33 yaks
  6 wyverns
  A steam dragon (D:12)
  8 basilisks
  10 vampire mosquitoes
  7 wargs
  An acid dragon (D:14)
  14 water moccasins
  5 ice beasts
  41 orc warriors
  2 black bears
  3 phantoms
  3 eyes of draining
  6 sky beasts
  2 necrophages
  13 ogres
  12 wolves
  9 centaurs
  7 big kobolds
  36 bullfrogs
  3 gnoll sergeants
  4 small abominations (Abyss:2)
  A wyvern skeleton (D:13)
  4 scorpions
  8 wights
  6 killer bees
  An electric eel (D:14)
  5 howler monkeys
  4 bullfrog zombies
  A quasit (Abyss:2)
  6 centaur zombies
  6 jellies
  12 hounds
  27 orc priests
  2 gnoll shamans (D:6)
  30 orc wizards
  2 bullfrog skeletons
  7 centaur skeletons
  Jessica (D:2)
  Terence (D:2)
  Natasha (thrice) (D:2)
  8 worker ants
  A killer bee zombie (D:6)
  A hound zombie (D:8)
  2 howler monkey zombies
  A worker ant zombie (D:6)
  24 gnolls
  3 howler monkey skeletons
  2 river rats (D:4)
  16 adders
  8 shadow imps
  3 white imps
  3 ufetubi
  6 oozes
  An adder skeleton (D:4)
  7 worms
  3 dart slugs
  8 leopard geckos
  103 orcs
  5 giant cockroaches
  5 goblins
  5 hobgoblins
  17 jackals
  6 quokkas
  3 ball pythons
  21 bats
  6 frilled lizards
  20 kobolds
  A leopard gecko skeleton (D:4)
  A leopard gecko zombie (D:6)
  A quokka zombie (D:5)
  10 rats
875 creatures vanquished.

Vanquished Creatures (others)
  A fire giant (Depths:1)
  29 fungi
  131 plants
  3 starspawn tentacles (Abyss:2)
  5 withered plants (D:9)
169 creatures vanquished.

Grand Total: 1044 creatures vanquished

Notes
Turn   | Place    | Note
-------+----------+-------------------------------------------
     0 | D:1      | pkoi the Minotaur Gladiator began the quest for the Orb.
     0 | D:1      | Reached XP level 1. HP: 18/18 MP: 0/0
    62 | D:1      | Reached skill level 4 in Axes
    71 | D:1      | Reached XP level 2. HP: 21/25 MP: 1/1
   739 | D:2      | Found an iron altar of Okawaru.
   744 | D:2      | Reached skill level 5 in Axes
   748 | D:2      | Became a worshipper of Warmaster Okawaru
   779 | D:2      | Reached XP level 3. HP: 21/30 MP: 2/2
   987 | D:2      | Found a radiant altar of Vehumet.
  1111 | D:2      | Noticed Terence
  1144 | D:2      | Killed Terence
  1145 | D:2      | Reached skill level 6 in Axes
  1145 | D:2      | Reached XP level 4. HP: 31/37 MP: 3/3
  1425 | D:2      | Noticed Natasha
  1427 | D:2      | Killed Natasha
  1428 | D:2      | Reached XP level 5. HP: 42/42 MP: 4/4
  1435 | D:2      | Found an ornate altar of the Wu Jian Council.
  1519 | D:2      | Noticed Natasha
  1522 | D:2      | Noticed Jessica
  1523 | D:2      | Killed Natasha
  1523 | D:2      | Reached * piety under Okawaru
  1524 | D:2      | Reached skill level 7 in Axes
  1525 | D:2      | Killed Jessica
  1526 | D:2      | Reached skill level 1 in Armour
  1607 | D:2      | Reached skill level 1 in Invocations
  1617 | D:2      | Reached skill level 1 in Evocations
  1841 | D:2      | Noticed Natasha
  1850 | D:2      | Killed Natasha
  2037 | D:2      | Reached XP level 6. HP: 51/51 MP: 5/5
  3391 | D:4      | Reached XP level 7. HP: 57/57 MP: 7/7
  3392 | D:4      | Found a glowing drain.
  3399 | Sewer    | Entered a sewer
  4052 | D:4      | Noticed Grinder
  4081 | D:4      | Killed Grinder
  4081 | D:4      | Reached ** piety under Okawaru
  4197 | D:4      | Found a sacrificial altar of Ru.
  4509 | D:5      | Entered Level 5 of the Dungeon
  4675 | D:5      | Reached skill level 8 in Axes
  4676 | D:5      | Reached XP level 8. HP: 61/66 MP: 9/9
  5185 | D:6      | Found Xut Vyg's Book Shoppe.
  5371 | D:6      | Found Adujy's Weapon Shop.
  5383 | D:6      | Bought a +0 triple crossbow for 140 gold pieces
  5589 | D:6      | Reached *** piety under Okawaru
  5612 | D:6      | Found an opulent altar of Gozag.
  5652 | D:6      | Found Rait's Armour Boutique.
  5797 | D:6      | Reached skill level 1 in Crossbows
  5873 | D:6      | Found a staircase to the Ecumenical Temple.
  5951 | D:6      | Reached skill level 9 in Axes
  5971 | D:6      | Gained mutation: You have supernaturally acute eyesight.
                  | (SInv) [potion of mutation]
  5971 | D:6      | Gained mutation: Your movements are slightly less
                  | encumbered by armour. (ER -2) [potion of mutation]
  6697 | D:6      | Reached skill level 5 in Invocations
  6697 | D:6      | Reached XP level 9. HP: 70/73 MP: 11/11
  7078 | D:6      | Noticed a rust devil
  7078 | D:6      | Noticed a rust devil
  7325 | D:7      | Reached **** piety under Okawaru
  7442 | D:7      | Reached skill level 5 in Evocations
  7544 | D:7      | Found Zuaga's Armour Shop.
  7555 | D:7      | Bought a +2 pair of gloves of archery for 236 gold pieces
  7647 | D:7      | Found a sparkling altar of Nemelex Xobeh.
  7886 | D:8      | Reached skill level 5 in Fighting
  8032 | D:8      | Reached skill level 10 in Axes
  8032 | D:8      | Received a gift from Okawaru
  8224 | D:8      | Found a runed translucent door.
  8294 | D:8      | Found a glowing golden altar of the Shining One.
  8422 | D:8      | Found a shadowy altar of Dithmenos.
  8487 | D:8      | Found a hide-covered altar of Uskayaw.
  8487 | D:8      | Found a blossoming altar of Fedhas.
  8504 | D:8      | Received a gift from Okawaru
  8819 | D:8      | Found a shadowy altar of Dithmenos.
  8828 | D:8      | Paralysed by a hornet for 2 turns
  8839 | D:8      | Reached XP level 10. HP: 70/82 MP: 11/13
  9670 | D:9      | Reached skill level 5 in Crossbows
  9670 | D:9      | Reached skill level 5 in Armour
  9881 | D:9      | Reached ***** piety under Okawaru
 10248 | D:9      | Reached skill level 5 in Dodging
 10500 | D:9      | Received a gift from Okawaru
 10679 | D:9      | Reached skill level 11 in Axes
 10679 | D:9      | Reached XP level 11. HP: 66/92 MP: 11/15
 10818 | D:8      | Found a staircase to the Lair.
 10827 | Lair:1   | Entered Level 1 of the Lair of Beasts
 10881 | Lair:1   | Noticed Maggie
 10889 | Lair:1   | Killed Maggie
 10989 | Lair:1   | Received a gift from Okawaru
 12331 | Lair:2   | Noticed an eight-headed hydra
 12333 | Lair:2   | Noticed an eight-headed hydra
 12909 | D:10     | Entered Level 10 of the Dungeon
 13038 | D:10     | Noticed a green ugly thing
 13045 | D:10     | Killed a green ugly thing
 13046 | D:10     | Reached skill level 12 in Axes
 13170 | D:10     | Received a gift from Okawaru
 13336 | D:10     | Noticed Harold
 13349 | D:10     | Killed Harold
 13350 | D:10     | Reached skill level 13 in Axes
 13539 | D:10     | Got a steaming scale mail
 13540 | D:10     | Identified the +6 scale mail "Imnipn" {Dex+2} (You found it
                  | on level 10 of the Dungeon)
 13647 | D:10     | Found a runed translucent gate.
 13647 | D:10     | Found a runed translucent gate.
 13648 | D:10     | Found a runed translucent gate.
 13648 | D:10     | Noticed Frask's ghost (journeyman MiFi)
 14018 | D:11     | Found a staircase to the Orcish Mines.
 14030 | D:11     | Reached XP level 12. HP: 76/101 MP: 12/16
 14183 | D:11     | Noticed a boulder beetle
 14199 | D:11     | Killed a boulder beetle
 14200 | D:11     | Reached skill level 14 in Axes
 14222 | D:11     | Noticed Fannar
 14236 | D:11     | Killed Fannar
 14345 | D:11     | Identified a scroll of acquirement
 14345 | D:11     | Acquired the amulet of Vitality {Regen+ HP+15}
 14346 | D:11     | Found the amulet of Vitality {Regen+ HP+15}
 14713 | D:11     | Noticed Josephine
 14718 | D:11     | Received a gift from Okawaru
 14719 | D:11     | Killed Josephine
 14720 | D:11     | Reached skill level 15 in Axes
 14722 | D:11     | Reached ****** piety under Okawaru
 15134 | D:12     | Noticed Gastronok
 15145 | D:12     | Killed Gastronok
 15147 | D:12     | Reached skill level 16 in Axes
 15192 | D:12     | Found Jukkac's Armour Shoppe.
 15991 | D:13     | Reached skill level 17 in Axes
 16026 | D:13     | Noticed a vault guard
 16026 | D:13     | Noticed a vault guard
 16026 | D:13     | Noticed a vault guard
 16026 | D:13     | Noticed a vault guard
 16051 | D:12     | Killed a vault guard
 16051 | D:12     | Received a gift from Okawaru
 16241 | Orc:1    | Entered Level 1 of the Orcish Mines
 16278 | Orc:1    | Noticed an orc warlord
 16297 | Orc:1    | Killed an orc warlord
 16297 | Orc:1    | Received a gift from Okawaru
 16298 | Orc:1    | Reached XP level 13. HP: 72/107 MP: 17/17
 16300 | Orc:1    | Got a translucent executioner's axe {god gift}
 16301 | Orc:1    | Identified the +8 executioner's axe of Compulsion
                  | {antimagic, rElec rF- Str+10 Int+3} (Okawaru gifted it to
                  | you on level 1 of the Orcish Mines)
 16553 | Orc:2    | Entered Level 2 of the Orcish Mines
 16558 | Orc:2    | Found a roughly hewn altar of Beogh.
 16559 | Orc:2    | Found Leorhoel's Weapon Boutique.
 16724 | Orc:2    | Found a roughly hewn altar of Beogh.
 16752 | Orc:2    | Reached skill level 18 in Axes
 16755 | Orc:1    | Found a burning altar of Makhleb.
 17245 | Orc:2    | Found a roughly hewn altar of Beogh.
 17334 | Orc:2    | Found a bloodstained altar of Trog.
 17343 | Orc:2    | Found a staircase to the Elven Halls.
 17366 | Orc:2    | Noticed an orc warlord
 17435 | Orc:2    | Cast into level 2 of the Abyss (orc warlord)
 17471 | Abyss:2  | Found a corrupted altar of Lugonu.
 17649 | Abyss:2  | Received a gift from Okawaru
 17652 | Abyss:2  | Got a slimy executioner's axe {god gift}
 17653 | Abyss:2  | Identified the +0 executioner's axe of the Desolation of
                  | Salt {freeze, *Corrode rC+++ Int-3 Dex+2} (Okawaru gifted
                  | it to you on level 2 of the Abyss)
 17657 | Abyss:2  | Reached skill level 19 in Axes
 17671 | Abyss:2  | Noticed a tentacled starspawn
 17687 | Abyss:2  | Killed a tentacled starspawn
 17809 | Abyss:2  | Noticed a deep elf elementalist
 17813 | Orc:2    | Escaped the Abyss
 17823 | Orc:2    | Killed an orc warlord
 17853 | Orc:2    | Found Lechihus's Antique Armour Emporium.
 17853 | Orc:2    | Found a roughly hewn altar of Beogh.
 17858 | Orc:2    | Found Nasuxakh's Antique Weapon Shoppe.
 17916 | Orc:2    | Reached skill level 20 in Axes
 17946 | Orc:2    | Paralysed by a chaos spawn for 5 turns
 18305 | Orc:2    | Received a gift from Okawaru
 18340 | Orc:2    | Found a roughly hewn altar of Beogh.
 18426 | Orc:2    | Found a roughly hewn altar of Beogh.
 18592 | Orc:2    | Found a roughly hewn altar of Beogh.
 18608 | Orc:2    | Found Waolom's Antique Armour Emporium.
 18897 | Lair:2   | Received a gift from Okawaru
 19122 | Lair:2   | Found a staircase to the Shoals.
 19498 | Lair:2   | Reached XP level 14. HP: 114/114 MP: 18/18
 20197 | Lair:3   | You fall into a shaft and drop 1 floor!
 20212 | Lair:4   | Reached skill level 21 in Axes
 21136 | Lair:4   | Found a bloodstained altar of Trog.
 21292 | Lair:4   | Found a hole to the Spider Nest.
 21929 | Lair:4   | Received a gift from Okawaru
 21930 | Lair:4   | Reached skill level 22 in Axes
 22692 | Lair:6   | Entered Level 6 of the Lair of Beasts
 22786 | Lair:6   | Received a gift from Okawaru
 22888 | Lair:6   | Received a gift from Okawaru
 22953 | Lair:6   | Reached skill level 23 in Axes
 23316 | Lair:6   | Reached XP level 15. HP: 106/121 MP: 19/19
 23582 | Lair:6   | Received a gift from Okawaru
 23606 | Lair:6   | Found a staircase to the Slime Pits.
 23783 | Lair:6   | Received a gift from Okawaru
 23892 | Lair:6   | Received a gift from Okawaru
 24522 | D:13     | Reached skill level 24 in Axes
 24590 | D:13     | Found a runed translucent door.
 24690 | D:13     | Found a runed translucent door.
 24705 | D:13     | Found a runed translucent door.
 24711 | D:13     | Paralysed by a hornet for 1 turns
 24899 | D:13     | Identified Ybiuv's Handbook of Hurtful Black Magic
 24979 | D:13     | Found a gate to the Vaults.
 25061 | D:13     | Found a runed translucent door.
 25434 | D:14     | Received a gift from Okawaru
 25663 | D:14     | Found a sacrificial altar of Ru.
 25834 | D:15     | Entered Level 15 of the Dungeon
 26130 | D:15     | Found a staircase to the Depths.
 26651 | Depths:1 | Entered Level 1 of the Depths
 26671 | Depths:1 | Noticed a fire giant
 26682 | Depths:1 | Killed a fire giant
 26796 | Depths:1 | Found Cieblaing's Assorted Antiques.
 26809 | Depths:1 | Reached XP level 16. HP: 55/132 MP: 20/20
 27120 | Depths:1 | Received a gift from Okawaru
 27127 | Depths:1 | Got a faintly glowing crystal plate armour {god gift}
 27138 | Depths:1 | Identified the +2 crystal plate armour "Meby" {+Fly rPois
                  | Dex-3} (Okawaru gifted it to you on level 1 of the Depths)
 27511 | Depths:1 | Noticed a tengu reaver
 27728 | D:15     | Reached skill level 10 in Fighting
 27862 | Depths:1 | Killed from afar by a tengu reaver

Illustrated notes

Levels and vault maps discovered:
D:1:      giann_bridges, layout_basic, minmay_misc_feat_more_columns
D:2:      layout_basic, vehumet_crystals, okawaru_metal_pillars_3,
          marbit_many_paths, grunt_decor_mini_mirrors, minmay_distorted,
          uniq_terence, uniq_natasha, uniq_jessica
D:3:      layout_basic, minmay_misc_feat_x, st_stairs_10, kennysheep_donut
D:4:      layout_basic, kennysheep_mini, portal_sewer_entry_c, uniq_grinder
D:5:      layout_rooms, grunt_ministairs_5, eino_curves_02
D:6:      cheibrodos_iron_armory, layout_cave_pools,
          nicolae_overflow_crystal_walls, minmay_temple_entry_butterflies,
          serial_gnoll_camp, gnoll_camp_mini_shop, gnoll_camp_mini_shop,
          gnoll_camp_mini_basic, gnoll_camp_huts_basic, gnoll_camp_mini_shop,
          chequers_serial_rivers_large_a
D:7:      layout_rooms, serial_shops, shop, nemelex_dance_club_becter
D:8:      gammafunk_indiana_jones, layout_gridville, tso_altar,
          lemuel_round_altar, chequers_temple_overflow_statue_of_worship,
          lair_entry_dummy, grunt_dithmenos_smoke
D:9:      cheibrodos_grave_circle, layout_basic
D:10:     layout_rooms, ebering_ghost_rock_garden, uniq_harold
D:11:     layout_stronghold, minmay_orc_entry_guard_dogs, uniq_josephine,
          uniq_fannar
D:12:     layout_stronghold, serial_shops, shop, st_stairs_10,
          kennysheep_generic_room_8, uniq_gastronok
D:13:     layout_gridville, erik_vaults_2, minmay_statue_crystal_thing
D:14:     layout_rooms, basic_altar, fountainhead
D:15:     hangedman_depths_entry_try_elsewhere_first, layout_loops_ring,
          chequers_avenue
Lair:1:   layout_loops_ring, grunt_megastairs_5, uniq_maggie
Lair:2:   layout_regular_city, minmay_shoals_entry_centaurs, grunt_megastairs_1
Lair:3:   layout_regular_city, eino_small_chamber_without_monster,
          wad_woods_road_03
Lair:4:   wad_woods_stonehenge, layout_regular_city,
          nicolae_spider_entry_orb_guardian, infiniplex_staircase_pool
Lair:5:   layout_misc_corridors
Lair:6:   minmay_lair_end_frog_pond, layout_cave_pods,
          minmay_slime_entry_pillars, minivault_26, grunt_megastairs_3
Orc:1:    layout_caves, bloody_makhleb
Orc:2:    grunt_orc_community_town_hall, layout_diamond_mine,
          grunt_orc_community_big_house_1, grunt_orc_community_big_house_2,
          grunt_orc_community_house_2, grunt_orc_community_house_3,
          grunt_orc_community_house_1, grunt_orc_community_house_2, basic_altar,
          bloody_trog
Depths:1: layout_forbidden_donut, serial_shops, nicolae_shop_statue_plus,
          hangedman_decor_lopped, grunt_hell_entry_demonic_statue,
          kennysheep_cross_room, kilobyte_rumbling_trees

Skill      XL: |  1  2  3  4  5  6  7  8  9 10 11 12 13 14 15 16 |
---------------+-------------------------------------------------+-----
Axes           | 4 5 6 7 8 9 10 11 13 17 20 23 24 | 24.4
Armour         | 1 2 4 6 7 9 |  9.7
Invocations    | 1 2 3 5 6 7 |  7.8
Evocations     | 1 2 4 5 6 |  6.0
Fighting       | 3 4 5 7 9 10 | 10.0
Crossbows      | 2 4 6 7 8 9 |  9.2
Dodging        | 4 5 6 8 |  8.8
Throwing       | |  2.0

Action                   |  1- 3 |  4- 6 |  7- 9 | 10-12 | 13-15 | 16-18 || total
-------------------------+-------+-------+-------+-------+-------+-------++-------
Melee: War axe           |    64 |   105 |   103 |       |       |       ||   272
       Headbutt          |     8 |    16 |    68 |   130 |   255 |    21 ||   498
       Battleaxe         |       |       |   239 |   195 |       |       ||   434
       Executioner's axe |       |       |       |   379 |  1030 |    86 ||  1495
 Fire: Triple crossbow   |       |       |    15 |    18 |     6 |       ||    39
Invok: Heroism           |       |       |     4 |     6 |    24 |       ||    34
       Finesse           |       |       |       |       |     1 |       ||     1
  Use: Potion            |     3 |       |     9 |       |       |       ||    12
       Scroll            |       |     5 |     9 |    11 |     2 |       ||    27
 Stab: Distracted        |       |       |       |       |     1 |       ||     1
       Petrifying        |       |       |       |       |     1 |       ||     1
       Sleeping          |       |       |       |       |     1 |       ||     1
Armor: Leather armour    |    21 |    38 |       |       |       |       ||    59
       Chain mail        |       |     1 |   234 |   204 |       |       ||   439
       Scale mail        |       |       |       |   115 |   602 |    11 ||   728
       Crystal plate arm |       |       |       |       |       |    58 ||    58
Dodge: Dodged            |    52 |    76 |   194 |   450 |   727 |    29 ||  1528

Table legend: (Time is in decaauts)
 A = Elapsed time spent in this place.
 B = Non-inter-level travel time spent in this place.
 C = Inter-level travel time spent in this place.
 D = Time resting spent in this place.
 E = Time spent auto-exploring this place.
 F = Levels seen in this place.
 G = Mean time per level.
                   A        B        C        D        E       F      G
               +--------+--------+--------+--------+--------+-----+--------+
         Total |  28174 |  26700 |   1474 |   4989 |  16127 |  26 | 1083.6 |
       Dungeon |  17049 |  15999 |   1050 |   3264 |   9829 |  15 | 1136.6 |
          Lair |   7201 |   6837 |    364 |    994 |   4422 |   6 | 1200.2 |
  Orcish Mines |   2166 |   2107 |     59 |    497 |   1135 |   2 | 1083.0 |
        Depths |    666 |    666 |      0 |    144 |    256 |   1 |  666.0 |
         Abyss |    367 |    367 |      0 |     89 |     16 |   1 |  367.0 |
         Sewer |    723 |    723 |      0 |      0 |    468 |   1 |  723.0 |
               +--------+--------+--------+--------+--------+-----+--------+

Top non-repeatable levels by time:
  Lair:1: 1876 daAuts
     D:8: 1798 daAuts
    D:11: 1531 daAuts
   Orc:2: 1500 daAuts
     D:6: 1465 daAuts
     D:2: 1442 daAuts
  Lair:6: 1349 daAuts
     D:9: 1226 daAuts
    D:15: 1195 daAuts
     D:7: 1158 daAuts
  Lair:2: 1149 daAuts
    D:12: 1109 daAuts
     D:5: 1071 daAuts
  Lair:4: 1070 daAuts
  Lair:3: 1054 daAuts
